 Dungeon Crawl Stone Soup version bcrawl-1.38.3 (webtiles) character file.

Game seed: 13361293737626397786

131410 Corvidia the Ducker (level 4, -1/35 HPs)
             Began as a Demonspawn Fighter on June 29, 2023.
             Killed from afar by an orc wizard (6 damage)
             ... with a magic dart
             ... on level 3 of the Dungeon.
             The game lasted 00:03:21 (2148 turns).

Corvidia the Ducker (Demonspawn Fighter)            Turns: 2148, Time: 00:03:22

Health: -1/35      AC:  7    Str: 16    XL:     4   Next: 55%
Magic:  4/4        EV:  6    Int: 10    God:
Gold:   152        SH:  0    Dex: 13    Spells: 3/3 levels left

rFire    . . .     GDR:     28% a - +0 long sword
rCold    . . .     SeeInvis .   c - +0 medium shield
rNeg     . . .     Gourm    .   b - +0 scale mail
rPois    .         Faith    .   (helmet restricted)
rElec    .         Spirit   .   (no cloak)
rCorr    .         Reflect  .   n - +0 pair of gloves
MR       .....                  (no boots)
Stlth    ..........             (no amulet)
HPRegen  0.15/turn              (no ring)
MPRegen  0.09/turn              (no ring)

@: confused
A: horns 1
a: no special abilities


You were on level 3 of the Dungeon.
You were not hungry.

You visited 1 branch of the dungeon, and saw 3 of its levels.

You collected 152 gold pieces.

Inventory:

Hand Weapons
 a - a +0 long sword (weapon)
Armour
 b - a +0 scale mail (worn)
 c - a +0 medium shield (worn)
 n - a +0 pair of gloves (worn)
Wands
 r - a wand of charming (12)
Scrolls
 h - 3 scrolls of remove curse {unknown}
 i - 3 scrolls of identify
 m - a scroll of noise {unknown}
 o - a scroll of magic mapping {unknown}
 p - a scroll of teleportation {unknown}
 q - a scroll of blinking {unknown}
 s - a scroll of enchant weapon {unknown}
Potions
 d - a potion of might
 f - 3 potions of berserk rage {unknown}
 g - 3 potions of curing {unknown}
 j - a potion of haste {unknown}
 k - 2 potions of heal wounds {unknown}
Comestibles
 e - 5 rations {!d}
 l - 5 chunks of flesh


   Skills:
 - Level 3.0 Fighting
 - Level 2.0 Long Blades
 - Level 3.0 Armour
 + Level 3.3 Dodging
 - Level 3.0 Shields


You had 3 spell levels left.
You didn't know any spells.
Your spell library was empty.

Dungeon Overview and Level Annotations

Branches:
Dungeon (3/12)

Altars:
Sif Muna


Innate Abilities, Weirdness & Mutations

You have a pair of small horns on your head.


Message History

You're too confused to move!
Something hits you.
You bump into the rock wall.
Something hits you.
You bump into the rock wall.
Something hits you.
* * * LOW HITPOINT WARNING * * *
You're too confused to move!
You feel less confused.
You hear some strange, mumbled words.
A puff of flame appears from out of thin air!
The puff of flame hits you.
* * * LOW HITPOINT WARNING * * *
You closely miss something. Something hits you but does no damage.
Okay, then.
You miss something. Something hits you but does no damage.
You barely miss something.
You hear some strange, mumbled words.
You are confused.
You hear some strange, mumbled words.
A magic dart appears from out of thin air!
The magic dart hits you.
You die...

###
#.###############.#
#...{@............#
#.###############.#
#.# #.# #.# #.# #.#
#######.####
............


There were no monsters in sight!

Vanquished Creatures
  An orc priest (D:3)
  2 oozes
  2 worms
  3 leopard geckos
  5 orcs (D:3)
  2 bats (D:1)
  3 giant cockroaches
  4 goblins (D:1)
  6 hobgoblins
  3 jackals (D:2)
  3 frilled lizards
  8 kobolds
  5 rats
47 creatures vanquished.

Notes
Turn   | Place    | Note
-------+----------+-------------------------------------------
     0 | D:1      | Corvidia the Demonspawn Fighter began the quest for the
                  | Orb.
     0 | D:1      | Reached XP level 1. HP: 18/18 MP: 1/1
   119 | D:1      | Gained mutation: You have a pair of small horns on your
                  | head. [demonic ancestry]
   119 | D:1      | Reached XP level 2. HP: 16/24 MP: 2/2
   283 | D:1      | Reached skill level 1 in Dodging
   950 | D:1      | Reached XP level 3. HP: 29/29 MP: 3/3
  1847 | D:2      | Found a shimmering blue altar of Sif Muna.
  2056 | D:3      | Reached XP level 4. HP: 30/35 MP: 4/4
  2148 | D:3      | Killed from afar by an orc wizard

Skill      XL: |  1  2  3  4 |
---------------+-------------+-----
Long Blades    | 2 |  2.0
Armour         | 3 |  3.0
Dodging        | 1 2 3 |  3.3
Shields        | 3 |  3.0
Fighting       | |  3.0

Action                   |  1- 3 |  4- 6 || total
-------------------------+-------+-------++-------
Melee: Long sword        |   136 |    18 ||   154
       Headbutt          |    21 |     2 ||    23
  Eat: Chunk             |     8 |     1 ||     9
Armor: Scale mail        |    56 |     8 ||    64
Dodge: Dodged            |    19 |       ||    19
Block: Medium shield     |    64 |     4 ||    68
